 Dungeon Crawl Stone Soup version 0.29.1-2-gbd0b4ee654 (webtiles) character file.

Game seed: 2819322042426792464

66 glubgluby the Shield-Bearer (level 4, -1/1 (40) HPs)
             Began as a Meteoran Fighter on Nov 14, 2022.
             Slain by a jackal (2 damage)
             ... on level 2 of the Dungeon.
             The game lasted 00:04:26 (1659 turns).

glubgluby the Shield-Bearer (Meteoran Fighter)      Turns: 1659, Time: 00:04:27

HP:   -1/1 (40)     AC:  7    Str: 20    XL:     4   Next: 63%
MP:   5/5           EV:  9    Int:  9    God:
Gold: 10            SH:  5    Dex: 13    Spells: 3/3 levels left

rFire   . . .      SeeInvis .   a - +0 flail
rCold   . . .      Faith    .   c - +0 buckler
rNeg    . . .      Spirit   .   b - +0 scale mail
rPois   .          Reflect  .   (no helmet)
rElec   .          Harm     .   (no cloak)
rCorr   .          Rampage  .   (no gloves)
Will    .....                   (no boots)
Stlth   ..........              (no amulet)
HPRegen 0.01/turn               (no ring)
MPRegen 0.09/turn               (no ring)

@: glowing, extremely drained
A: sense surroundings 1, otherworldly, glowing, explore regen
a: no special abilities


You were on level 2 of the Dungeon.
You visited 1 branch of the dungeon, and saw 2 of its levels.

You collected 10 gold pieces.

Inventory:

Hand Weapons
 a - a +0 flail (weapon)
Armour
 b - a +0 scale mail (worn)
 c - a +0 buckler (worn)
Scrolls
 d - 2 scrolls of identify {unknown}
 f - a scroll of poison
Potions
 e - 2 potions of lignification {unknown}
 g - a potion of curing {unknown}


   Skills:
 + Level 3.8 Fighting
 * Level 4.0 Maces & Flails
 + Level 4.1 Armour
 + Level 4.2 Shields


You had 3 spell levels left.
You didn't know any spells.
Your spell library contained the following spells:

 Spells                   Type           Power      Damage    Failure   Level
 Poisonous Vapours        Pois/Air       0%         N/A       92%         2
 Corpse Rot               Necr/Pois/Air  0%         N/A       100%        4


Dungeon Overview and Level Annotations

Branches:
Dungeon (2/15) Zot: 114! You are so drained that the power of Zot will kill you!

Altars:

Shops:
D:2 [


Innate Abilities, Weirdness & Mutations

You passively map a small area around you.
You are easily found by Zot.
You glow in the dark.
You regain HP and MP as you explore.


Message History

There is an open door here.
There is an entrance to Oviatz's Antique Armour Boutique here.
You open the door.
There is an open door here.
Zot draws nearer.
Dive deeper or flee this branch before you suffer!
Zot has nearly found you.
Suffering is approaching.
Descend or flee this branch!
A dart slug comes into view.
You block the dart slug's attack.
You sock the dart slug!
You kill the dart slug!
Your Maces & Flails skill increases to level 4!
You see here a dart slug corpse.
Zot's power touches on you...
You feel drained.
Really walk into that teleport trap?
You enter a teleport trap!
The teleport trap disappears.
Your surroundings suddenly seem different.
Found 4 stones.
You see here 4 stones.
You have lingered too long.
Zot senses you.
Dive deeper or flee this branch before you suffer!
Unknown command.
Zot draws nearer.
Dive deeper or flee this branch before you suffer!
There is an open door here.
Zot has nearly found you.
Suffering is approaching.
Descend or flee this branch!
Zot's power touches on you...
You feel drained.
Unknown command.
You pick up a book of Vapours and begin reading...
You add the spells Poisonous Vapours and Corpse Rot to your library.
You open the door.
A gnoll and 2 jackals come into view.
The gnoll shouts!
The jackal barks!
The jackal bites you but does no damage. x2
You block the jackal's attack.
There is an open door here.
You hit the jackal.
You kill the jackal!
The jackal bites you.
Ouch! That really hurt!
You die...

......####'#..# #.....#
...........##.# #.....#
...........##.## ######.....#
..........##*..###*#..........#
..........# #... #..........#
..........# #..# ##.........# #
..........# #..# #.........# #
..........####.P#+#+#.........#
#
................@.g.#.........#
#
...............P#h..#..[....###
#
.##########'#...#...#.......##
# .# #.'∩'...#####.#####..####
.# #.#+#.........# ##..... .#
#.............# #####. .#
#########.....# #. .#
######.....# #. .# #..........#
#.


You could see a gnoll and a jackal.

Vanquished Creatures
  2 adders (D:2)
  2 dart slugs
  7 ball pythons
  5 bats
  6 endoplasms
  4 giant cockroaches
  4 goblins
  3 hobgoblins
  A jackal (D:2)
  2 quokkas (D:1)
  2 frilled lizards (D:2)
  5 rats
43 creatures vanquished.

Notes
Turn   | Place    | Note
-------+----------+-------------------------------------------
     0 | D:1      | glubgluby the Meteoran Fighter began the quest for the Orb.
     0 | D:1      | Reached XP level 1. HP: 19/19 MP: 2/2
    88 | D:2      | Reached XP level 2. HP: 25/26 MP: 3/3
   173 | D:2      | Reached XP level 3. HP: 31/31 MP: 4/4
   184 | D:2      | Identified the +3 sling of Xaeses Meta {speed, *Corrode Fly
                  | rPois Str+8}
   423 | D:1      | Reached XP level 4. HP: 30/40 MP: 5/5
  1078 | D:2      | Glimpsed the power of Zot.
  1127 | D:2      | Glimpsed the power of Zot.
  1165 | D:2      | Glimpsed the power of Zot.
  1175 | D:2      | Touched by the power of Zot.
  1276 | D:2      | Glimpsed the power of Zot.
  1303 | D:2      | Found Oviatz's Antique Armour Boutique.
  1325 | D:2      | Glimpsed the power of Zot.
  1365 | D:2      | Glimpsed the power of Zot.
  1374 | D:2      | Touched by the power of Zot.
  1475 | D:2      | Glimpsed the power of Zot.
  1525 | D:2      | Glimpsed the power of Zot.
  1565 | D:2      | Glimpsed the power of Zot.
  1574 | D:2      | Touched by the power of Zot.
  1659 | D:2      | Slain by a jackal

Illustrated notes

Levels and vault maps discovered:
D:1:      dpeg_arrival_leaves_temple_mockup, layout_basic
D:2:      layout_basic, serial_shops, nicolae_shop_behind_doors,
          chequers_serial_rivers_micro_c, cheibrodos_gnoll_hut

Skill      XL: |  1  2  3  4 |
---------------+-------------+-----
Maces & Flails | 3 4 |  4.0
Armour         | 4 |  4.1
Shields        | 4 |  4.2
Fighting       | |  3.8

Action                   |  1- 3 |  4- 6 || total
-------------------------+-------+-------++-------
Melee: Flail             |    46 |    54 ||   100
  Use: Potion            |     2 |       ||     2
       Scroll            |     1 |       ||     1
Armor: Scale mail        |    33 |    29 ||    62
Dodge: Dodged            |    19 |    24 ||    43
Block: Buckler           |    13 |    15 ||    28
